 Dungeon Crawl Stone Soup version 0.29.1-12-g30fa7ad0bf (webtiles) character file.

Game seed: 784468244238835106

1477 cowcol the Slasher (level 8, -1/70 HPs)
             Began as a Minotaur Berserker on Jan 2, 2023.
             Was an Elder of Trog.
             Slain by a mummy (8 damage)
             ... in an ossuary on Jan 3, 2023.
             The game lasted 00:14:35 (5494 turns).

cowcol the Slasher (Minotaur Berserker)             Turns: 5494, Time: 00:14:35

Health: -1/70      AC:  6    Str: 20 (22) XL:     8   Next: 49%
Magic:  7/7        EV: 15    Int:  3 (4)  God:    Trog [****..]
Gold:   315        SH:  0    Dex:  9 (12) Spells: 7/7 levels left

rFire   . . .      SeeInvis .   s - +0 scimitar (holy)
rCold   + . .      Faith    .   (no shield)
rNeg    . . .      Spirit   .   g - +0 ring mail
rPois   .          Reflect  .   (helmet restricted)
rElec   .          Harm     .   (no cloak)
rCorr   .          Rampage  .   (no gloves)
Will    .....                   (no boots)
Stlth   +.........              (no amulet)
HPRegen 0.21/turn               c - +4 ring of evasion
MPRegen 0.10/turn               A - ring of protection from cold

@: mighty
A: horns 2, retaliatory headbutt
a: Renounce Religion, Berserk, Trog's Hand, Brothers in Arms


You were in an ossuary.
You worshipped Trog.
Trog was greatly pleased with you.
You visited 1 branch of the dungeon, and saw 6 of its levels.
You also visited: Ossuary.

You collected 315 gold pieces.

Inventory:

Hand Weapons
 a - a +0 hand axe
 d - a +0 quarterstaff
 e - a +0 short sword
 k - a +0 mace
 s - a +0 scimitar of holy wrath (weapon)
 t - a +2 falchion of draining
 E - a +1 hand axe of electrocution
 G - a +0 war axe
Missiles
 f - 56 stones
 i - 6 boomerangs
 l - 8 poisoned darts (quivered)
Armour
 g - a +0 ring mail (worn)
 u - +0 steam dragon scales
Jewellery
 c - a +4 ring of evasion (left hand)
 j - a ring of positive energy
 y - a ring of fire
 A - a ring of protection from cold (right hand)
 B - a ring of resist corrosion
Scrolls
 b - 2 scrolls of fear
 h - a scroll of amnesia
 m - 3 scrolls of teleportation
 o - 2 scrolls of enchant weapon
 x - a scroll of summoning {unknown}
 D - a scroll of blinking {unknown}
Potions
 p - a potion of invisibility
 q - a potion of cancellation {unknown}
 r - 2 potions of degeneration
 v - a potion of flight {unknown}
 w - a potion of might
 C - a potion of haste {unknown}
 F - 2 potions of lignification {unknown}


   Skills:
 + Level 5.8 Fighting
 - Level 2.2(4.7) Short Blades
 * Level 7.1(7.3) Long Blades
 * Level 6.7 Axes
 + Level 1.0 Throwing
 + Level 5.7 Armour
 + Level 3.6 Dodging
 + Level 1.6 Stealth


You had 7 spell levels left.
You didn't know any spells.
Your spell library was empty.

Dungeon Overview and Level Annotations

Branches:
Dungeon (6/15)             Temple (0/1) D:5         Ossuary (1/1)

Altars:
Makhleb
Yredelemnul

Shops:
D:1 *


Innate Abilities, Weirdness & Mutations

You have a pair of horns on your head.
You reflexively headbutt those who attack you in melee.


Message History

You furiously retaliate!
You headbutt the hobgoblin zombie!
You destroy the hobgoblin zombie!
Trog accepts your kill. The mummy hits you!
* * * LOW HITPOINT WARNING * * *
You hit the mummy but do no damage.
The mummy is severely damaged.
The mummy completely misses you.
You feel better. The gnoll zombie completely misses you.
You feel better.
You recover from your berserk rage.
The gnoll zombie hits you.
You slash the gnoll zombie!
The gnoll zombie convulses!!
You destroy the gnoll zombie!
Trog accepts your kill. The mummy misses you. The mummy closely misses you.
You hit the kobold zombie.
The kobold zombie convulses.
You destroy the kobold zombie!
Trog accepts your kill. The mummy barely misses you. The mummy hits you!
* * * LOW HITPOINT WARNING * * *
Unknown command.
You slash the hobgoblin zombie!
You destroy the hobgoblin zombie!
Trog accepts your kill. The mummy hits you!
* * * LOW HITPOINT WARNING * * *
The mummy barely misses you. You furiously retaliate!
You headbutt the mummy! You hit the mummy.
The mummy convulses.
You destroy the mummy!
Trog accepts your kill. The mummy barely misses you.
You aren't carrying any items that you can evoke.
It was a potion of degeneration.
There was something very wrong with that liquid.
You feel weakened.
You feel dopey.
You feel clumsy.
It was a potion of might.
You feel very mighty all of a sudden. The mummy hits you!
You die...

............
#........#
#......#
#....#
#....#
#....#
#....#
#....#
#@M..#
#....#
#....#
#.∩∩.#
######


You could see a mummy.

Vanquished Creatures
  Maggie (D:6)
  A black bear (D:4)
  2 centaurs
  A phantom (D:4)
  A scorpion (D:5)
  2 bullfrogs
  2 bullfrog zombies (D:5)
  4 hounds
  2 jellies (D:5)
  An iguana (D:5)
  2 orc wizards (D:4)
  2 hound zombies (D:5)
  3 mummies (Ossuary)
  13 adders
  6 gnolls
  A white imp (D:5)
  2 adder zombies (D:5)
  3 worms (D:2)
  2 dart slugs
  15 orcs
  8 endoplasms
  7 giant cockroaches
  2 gnoll zombies (Ossuary)
  7 goblins
  7 hobgoblins
  A jackal (D:3)
  7 kobolds
  A quokka (D:5)
  9 ball pythons
  2 bats (D:2)
  5 frilled lizards
  2 goblin zombies (D:6)
  3 hobgoblin zombies (Ossuary)
  3 kobold zombies (Ossuary)
  7 rats
137 creatures vanquished.

Notes
Turn   | Place    | Note
-------+----------+-------------------------------------------
     0 | D:1      | cowcol the Minotaur Berserker began the quest for the Orb.
     0 | D:1      | Reached XP level 1. HP: 19/19 MP: 0/0
   236 | D:1      | Found a faded altar of an unknown god.
   251 | D:1      | Reached XP level 2. HP: 27/27 MP: 1/1
   348 | D:1      | Found Puby's General Store.
   454 | D:1      | Reached ** piety under Trog
   647 | D:1      | Reached XP level 3. HP: 33/33 MP: 2/2
  1401 | D:2      | Reached XP level 4. HP: 37/41 MP: 3/3
  1403 | D:2      | Reached skill level 1 in Short Blades
  2593 | D:3      | Reached *** piety under Trog
  2594 | D:3      | Reached XP level 5. HP: 36/47 MP: 4/4
  2832 | D:3      | Reached skill level 5 in Axes
  3216 | D:3      | Found a burning altar of Makhleb.
  3471 | D:4      | Reached skill level 1 in Stealth
  3696 | D:4      | Reached skill level 1 in Long Blades
  3743 | D:4      | Noticed a phantom
  3755 | D:4      | Killed a phantom
  3756 | D:4      | Reached XP level 6. HP: 41/55 MP: 5/5
  3915 | D:4      | Reached skill level 2 in Long Blades
  4180 | D:4      | Reached skill level 3 in Long Blades
  4598 | D:5      | Entered Level 5 of the Dungeon
  4621 | D:5      | Reached skill level 5 in Fighting
  4621 | D:5      | Reached XP level 7. HP: 41/61 MP: 6/6
  4768 | D:5      | Reached skill level 4 in Long Blades
  5084 | D:5      | Found a staircase to the Ecumenical Temple.
  5117 | D:5      | Reached skill level 5 in Armour
  5153 | D:5      | Found a basalt altar of Yredelemnul.
  5241 | D:5      | Reached skill level 5 in Long Blades
  5361 | D:6      | Reached **** piety under Trog
  5362 | D:6      | Reached XP level 8. HP: 60/68 MP: 7/7
  5420 | D:6      | Noticed Maggie
  5426 | D:6      | Killed Maggie
  5427 | D:6      | Reached skill level 6 in Long Blades
  5427 | D:6      | Reached skill level 1 in Throwing
  5436 | D:6      | Found a sand-covered staircase.
  5457 | Ossuary  | Entered an ossuary
  5476 | Ossuary  | Reached skill level 7 in Long Blades
  5494 | Ossuary  | Slain by a mummy

Illustrated notes

Levels and vault maps discovered:
D:1:      heliophobic_arrival_henge, layout_loops_ring,
          shapermc_ecumenical_altar_starsandcircs, serial_shops,
          nicolae_lakefront_shop
D:2:      layout_loops_cross, minmay_stone_trees_small
D:3:      layout_loops_ring, mainiacjoe_overflow_surrounded_room,
          minmay_misc_feat_roman, minmay_misc_feat_plants, minmay_quadrilaterals
D:4:      layout_cave_pools, corner_web_ring
D:5:      layout_rooms, nicolae_yredelemnul_corpse_copse,
          minmay_temple_entry_from_below_a
D:6:      layout_rooms, enter_ossuary_4, uniq_edmund, uniq_maggie
Ossuary:  ossuary_tomb_3

Skill      XL: |  1  2  3  4  5  6  7  8 |
---------------+-------------------------+-----
Axes           | 4 5 6 |  6.7
Fighting       | 4 5 |  5.8
Short Blades   | 1 2 |  2.2
Armour         | 3 4 5 |  5.7
Stealth        | 1 |  1.6
Long Blades    | 1 3 5 7 |  7.1
Dodging        | 3 |  3.6
Throwing       | 1 |  1.0

Action                   |  1- 3 |  4- 6 |  7- 9 || total
-------------------------+-------+-------+-------++-------
Melee: Hand axe          |    89 |    70 |       ||   159
       Headbutt          |     7 |    22 |    17 ||    46
       Falchion          |       |    72 |    90 ||   162
       Punch             |       |       |     2 ||     2
       Scimitar          |       |       |    15 ||    15
Throw: Boomerang         |     1 |       |       ||     1
       Dart              |     1 |     7 |     5 ||    13
       Stone             |       |     2 |       ||     2
Invok: Berserk           |       |       |     1 ||     1
  Use: Scroll            |     2 |     5 |     3 ||    10
       Potion            |       |       |     4 ||     4
 Stab: Sleeping          |       |     1 |       ||     1
Armor: Ring mail         |    22 |    34 |    36 ||    92
Dodge: Dodged            |    56 |   101 |   126 ||   283
